Unix NetHack Version 5.0.0-0 post-release - last build May 17 2026 04:57:42 (dc50c8380fa5e20985bfe3072449f57b8d9895ef,branch:main).

Game began 2026-05-20 14:24:13, ended 2026-05-20 19:12:07.

Drastanta, lawful female human Samurai

                        --------------------------------          --------
                        |..............................|          |......|
                        |...-----+------.----..-----...|          |....>.|
                        |...|...|      -.-  ---|(][|...|          |......|
                        ....|...|      |.|     |/.?|...|          ----|-.-
                        |...| ..|-------.----   .*.|...|#################
                        |...---|-..'.....*..-+----|-...|#              #
                        |........b@'...................|#              #
                        |........{.----|--.{...........|*              #
                        |..........|(....|.............|#              #
                        |...-|---(.|.....|....---|-...*|#              #
                        |...|.. ||-|.._..|)-|-| ..|---.|#             -|------
                        |...|+++|.[|....`|)|..|?!(|..+.-####     #    |..*...|
                        |...|?++|.............|(((|.....####*##)#))###.......|
                        |...--------.......-----------.|#        #    |......|
                        |......................[.......|#        #####.......|
                        --------------------------------              --------

Drastanta the Kunoichi  St:17 Dx:15 Co:18 In:11 Wi:6 Ch:6  Lawful
Dlvl:7  $:71 HP:0(58) Pw:15(15) AC:-1 Xp:6 T:2952 

Latest messages:
 The rope golem hits!
 You hear someone beseeching Amaterasu Omikami.
 You hit the quivering blob!
 The paper golem hits!
 The rope golem misses!
 The rope golem misses!
 You miss the paper golem.
 The paper golem hits!
 You hit the paper golem.
 The paper golem hits!
 The rope golem hits!
 The rope golem hits again!
 You hit the paper golem.
 You hit the paper golem.
 The paper golem hits!
 The rope golem hits!
 The rope golem hits again!
 You hit the paper golem.
 The paper golem misses!
 The rope golem hits!
 The rope golem hits again!
 The rope golem grabs you!
 You miss the rope golem.
 The paper golem hits!
 The rope golem hits!
 The rope golem hits again!
 You are being choked.
 You hit the rope golem!
 The paper golem misses!
 The rope golem hits!
 The rope golem just misses!
 You are being choked.
 Are you sure you want to pray? [yn] (n) y
 You begin praying to Amaterasu Omikami.
 The paper golem misses!
 The rope golem just misses!
 The rope golem just misses!
 You are being choked.
 The quivering blob touches you!
 You hear an animal carcass being offered in sacrifice.
 The paper golem misses!
 The rope golem hits!
 The rope golem misses!
 You are being choked.
 You die...
 Do you want your possessions identified? [ynq] (y) y
 Do you want to see your attributes? [ynq] (y) y
 Do you want an account of creatures vanquished? [ynaq] (y) y
 Do you want to see your conduct and achievements? [ynq] (y) y
 Do you want to see the dungeon overview? [ynq] (y) y

Inventory:
 Coins    ('$')
  $ - 71 gold pieces
 Weapons  (')')
  d - 21 +0 ya (in quiver)
  c - a +0 yumi (alternate weapon; not wielded)
  b - a +0 wakizashi (weapon in right hand)
 Armor    ('[')
  i - an uncursed +0 dwarvish iron helm (being worn)
  w - a blessed +1 pair of iron shoes (being worn)
  C - an uncursed +0 elven cloak (being worn)
  E - an uncursed +0 elven mithril-coat (being worn)
 Comestibles  ('%')
  l - an uncursed cream pie
  j - an uncursed fortune cookie
  h - 5 uncursed gunyoki
 Scrolls  ('?')
  H - an uncursed scroll of amnesia
  o - an uncursed scroll of blank paper
  r - an uncursed scroll of confuse monster
  q - an uncursed scroll of destroy armor
  g - an uncursed scroll of enchant armor
  A - an uncursed scroll of enchant weapon
  t - an uncursed scroll of fire
  k - a blessed scroll of light
  f - 2 uncursed scrolls of light
  n - an uncursed scroll of remove curse
  F - an uncursed scroll of teleportation
 Potions  ('!')
  e - a blessed potion of object detection
  D - an uncursed potion of paralysis
  p - an uncursed potion of see invisible
  N - a blessed potion of sickness
 Wands    ('/')
  y - a wand of cold (0:6)
  S - a wand of opening (0:4)
  R - a cursed wand of polymorph (0:4)
  Q - a cursed wand of striking (0:1)
 Tools    ('(')
  z - an empty uncursed bag of holding
  m - a +0 pick-axe
  V - 2 blessed tallow candles

Drastanta the Samurai's attributes:

Background:
 You were a Kunoichi, a level 6 female human Samurai.
 You were lawful, on a mission for Amaterasu Omikami
 who was opposed by Raijin (neutral) and Susanowo (chaotic).
 You were right-handed.
 You were in the Gnomish Mines, on level 7.
 You entered the dungeon 2952 turns ago.
 You had 565 experience points, 75 more were needed to attain level 7.

Basics:
 You had 0 out of 58 hit points.
 You had all 15 energy points (spell power).
 Your armor class was -1.
 Your wallet contained 71 zorkmids.
 Autopickup was off.

Final Characteristics:
 Your strength was 17 (peak:18, limit:18/100).
 Your dexterity was 15 (limit:18).
 Your constitution was 18 (limit:18).
 Your intelligence was 11 (limit:18).
 Your wisdom was 6 (limit:18).
 Your charisma was 6 (limit:18).

Final Status:
 You were held by a rope golem (northeast).
 You weren't hungry.
 You were unencumbered.
 You were wielding a short sword.
 You had basic skill with short sword.

Final Attributes:
 You were piously aligned.
 You were stealthy.
 You were guarded.
 You were fast.
 You are dead.

Miscellaneous:
 You encountered 1 bones level.
 Total elapsed playing time was 1 hour, 34 minutes and 48 seconds.

Major events:
 Turn
    1: Drastanta the lawful female human Samurai entered the dungeon
  635: attained the rank of Ronin (level 3)
 1204: entered the Gnomish Mines
 2245: attained the rank of Kunoichi (level 6)
 2541: reached Mine Town
 2952: killed by a rope golem, while praying

You didn't know any spells.

Skills:
 Fighting Skills
   martial arts      [Basic]
   two weapon combat [Unskilled]
   riding            [Unskilled]
 Weapon Skills
   dagger            [Unskilled]
   knife             [Unskilled]
   short sword       [Basic]
   broadsword        [Unskilled]
   long sword        [Basic]
   two-handed sword  [Unskilled]
   saber             [Unskilled]
   flail             [Unskilled]
   quarterstaff      [Unskilled]
   polearms          [Unskilled]
   spear             [Unskilled]
   lance             [Unskilled]
   bow               [Basic]
   shuriken          [Unskilled]
 Spellcasting Skills
   attack spells     [Unskilled]
   divination spells [Unskilled]
   clerical spells   [Unskilled]

Voluntary challenges:
 Character rerolling was not enabled.
 You were illiterate.
 You never genocided any monsters.
 You never polymorphed an object.
 You never changed form.
 You used no wishes.
Achievements:
 You attained the rank of Ronin.
 You entered a shop.
 You entered the Gnomish Mines.
 You attained the rank of Kunoichi.
 You entered Minetown.
 You entered a temple.

 The Dungeons of Doom: levels 1 to 4
    Level 1:
       A fountain.
    Level 2:
       Some fountains.
    Level 3:
       A weapon shop, a fountain.
    Level 4:
       Stairs down to The Gnomish Mines.
 The Gnomish Mines: levels 5 to 8
    Level 5:
    Level 6:
    Level 7: <- You were here.
       A general store, a temple and an altar to Amaterasu Omikami, some fountains.
       Final resting place for
          you, killed by a rope golem, while praying,
          Kwijibo4686-Val-Hum-Fem-Neu, killed by a quasit, while frozen by a floating eye's gaze.
    Level 8:


Vanquished creatures:
  a ghost
  3 small mimics
 an iron piercer
  a gnome ruler
  a dingo
  a jaguar
  a quasit
  a water nymph
 an orc shaman
  a rock piercer
  3 gnome leaders
  a gnomish wizard
  3 floating eyes
  4 dwarves
  6 hill orcs
  2 rothes
  a giant bat
 an iguana
  4 coyotes
  a green mold
 18 gnomes
  3 geckos
  3 jackals
  2 kobolds
  2 goblins
  a sewer rat
  5 grid bugs
  a bat
  3 lichens
  3 newts
79 creatures vanquished.

No species were genocided or became extinct.

Game over:
                       ----------
                      /          \
                     /    REST    \
                    /      IN      \
                   /     PEACE      \
                  /                  \
                  |    Drastanta     |
                  |      71 Au       |
                  | killed by a rope |
                  |      golem       |
                  |                  |
                  |                  |
                  |       2026       |
                 *|     *  *  *      | *
        _________)/\\_//(\/(/\)/\//\/|_)_______

Sayonara Drastanta the Samurai...

You died in The Gnomish Mines on dungeon level 7 with 2730 points,
and 71 pieces of gold, after 2952 moves.
You were level 6 with a maximum of 58 hit points when you died.

